 Dungeon Crawl Stone Soup version 0.28-a0-381-g937acc2988 (webtiles) character file.

Game seed: 2608337671899613110

246069 speeev33 the Slayer (level 19, -2/191 HPs)
             Began as a Hill Orc Fighter on Aug 29, 2021.
             Was a High Priest of Okawaru.
             Splashed by the Royal Jelly's acid (5 damage)
             ... on level 5 of the Pits of Slime on Sept 2, 2021.
             The game lasted 02:05:53 (35448 turns).

speeev33 the Slayer (Hill Orc Fighter)             Turns: 35448, Time: 02:05:53

Health: -2/191     AC: 33    Str: 28    XL:     19   Next: 49%
Magic:  20/25      EV:  9    Int: 10    God:    Okawaru [*****.]
Gold:   1470       SH: 26    Dex: 18    Spells: 18/18 levels left

rFire   . . .      SeeInvis .   b - +7 war axe of Ragnarok {freeze, Int+2 Dex+4}
rCold   + + +      Faith    +   p - +1 tower shield {reflect}
rNeg    + . .      Spirit   .   c - +3 gold dragon scales
rPois   +          Reflect  +   I - +0 helmet of Action {rF- rN+ Will+ Dex+4}
rElec   .          Harm     .   k - +2 cloak
rCorr   +          Rampage  .   y - +2 pair of gloves
Will    +++..                   T - +0 pair of boots "Forget-Me-Not" {Str+4}
Stlth   ..........              X - amulet "Lemonyec" {Faith rC+ Regen+ Str-3}
HPRegen 1.41/turn               s - ring "Veluqoladu" {rC+ Will+ rCorr}
MPRegen 0.19/turn               z - +4 ring of slaying

@: heroic, finesse-ful, corroded, studying Armour
A: no striking features
}: 2/15 runes: barnacled, gossamer
a: Renounce Religion, Heroism, Finesse, Duel


You were on level 5 of the Pits of Slime.
You worshipped Okawaru.
Okawaru was extremely pleased with you.
You visited 8 branches of the dungeon, and saw 38 of its levels.
You also visited: Bailey and Gauntlet.

You collected 4529 gold pieces.
You spent 3059 gold pieces at shops.

Inventory:

Hand Weapons
 a - a +1 war axe of flaming
 b - the +7 war axe of Ragnarok (weapon) {freeze, Int+2 Dex+4}
   (You found it on level 7 of the Dungeon)

   It freezes those it strikes, dealing additional cold damage.
   It can also slow down cold-blooded creatures.
   Int:       It affects your intelligence (+2).
   Dex:       It affects your dexterity (+4).
 R - a +3 broad axe of electrocution
Missiles
 n - 6 throwing nets (quivered)
 q - 44 poisoned darts
 u - 7 atropa-tipped darts
 E - 12 datura-tipped darts
Armour
 c - +3 gold dragon scales (worn)
 k - a +2 cloak (worn)
 p - a +1 tower shield of reflection (worn)
 y - a +2 pair of gloves (worn)
 I - the +0 helmet of Action (worn) {rF- rN+ Will+ Dex+4}
   (Okawaru gifted it to you on level 11 of the Dungeon)

   Dex:       It affects your dexterity (+4).
   rF:        It makes you vulnerable to fire.
   rN:        It protects you from negative energy.
   Will:      It increases your willpower.
 K - the +1 cloak of Experimentation {rF+ Will- Str+2 Dex+9}
   (Okawaru gifted it to you on level 3 of the Spider Nest)

   Str:       It affects your strength (+2).
   Dex:       It affects your dexterity (+9).
   rF:        It protects you from fire.
   Will:      It decreases your willpower.
 T - the +0 pair of boots "Forget-Me-Not" (worn) {Str+4}
   (Okawaru gifted it to you on level 3 of the Lair of Beasts)

   Str:       It affects your strength (+4).
Jewellery
 s - the ring "Veluqoladu" (left hand) {rC+ Will+ rCorr}
   (You found it on level 3 of the Shoals)

   [ring of willpower]

   rC:        It protects you from cold.
   rCorr:     It protects you from acid and corrosion.
   Will:      It increases your willpower.
 x - an amulet of reflection
 z - a +4 ring of slaying (right hand)
 F - the ring of Sloth {rF+ rCorr SInv}
   (You bought it in a shop on level 2 of the Orcish Mines)

   [ring of resist corrosion]

   rF:        It protects you from fire.
   SInv:      It lets you see invisible.
   rCorr:     It protects you from acid and corrosion.
 W - a +6 ring of dexterity
 X - the amulet "Lemonyec" (around neck) {Faith rC+ Regen+ Str-3}
   (You found it in a Gauntlet)

   [amulet of faith]

   It allows you to gain divine favour quickly.
   Str:       It affects your strength (-3).
   rC:        It protects you from cold.
   Regen:     It increases your rate of health regeneration.
Wands
 d - a wand of digging (7)
 l - a wand of paralysis (29)
 w - a wand of flame (29)
 C - a wand of iceblast (24)
 S - a wand of polymorph (9)
 U - a wand of acid (7)
 V - a wand of mindburst (12)
Scrolls
 f - a scroll of magic mapping
 h - a scroll of brand weapon
 o - 9 scrolls of teleportation
 t - 3 scrolls of enchant weapon
 M - 9 scrolls of identify
 O - a scroll of fog
 Q - a scroll of fear
 Y - a scroll of amnesia
 Z - 2 scrolls of summoning
Potions
 e - 5 potions of lignification
 g - 7 potions of resistance
 i - a potion of invisibility
 j - 5 potions of haste
 m - 11 potions of curing
 v - 2 potions of cancellation
 A - 6 potions of heal wounds
 B - 4 potions of flight
 D - 7 potions of attraction
 G - 3 potions of magic
 J - 3 potions of brilliance
 L - a potion of might
 P - 3 potions of ambrosia
Miscellaneous
 r - a tin of tremorstones (2/2)
 H - a tin of tremorstones (2/2)
 N - a condenser vane (inert)


   Skills:
 + Level 21.8(26.8) Fighting
 + Level 18.3(23.3) Axes
 - Level 15.0(20.0) Armour
 + Level 20.8(25.8) Shields
 - Level 8.0 Invocations
 - Level 8.0 Evocations


You had 18 spell levels left.
You didn't know any spells.
Your spell library contained the following spells:

 Spells                   Type           Power      Damage    Failure   Level
 Corpse Rot               Necr/Air       N/A        N/A       100%        2
 Ensorcelled Hibernation  Hex/Ice        0%         N/A       100%        2
 Passwall                 Tmut/Erth      0%         N/A       100%        2
 Poisonous Vapours        Pois/Air       0%         N/A       100%        2
 Slow                     Hex            0%         N/A       100%        2
 Sublimation of Blood     Necr           0%         N/A       100%        2
 Confusing Touch          Hex            0%         N/A       100%        3
 Dazzling Flash           Conj/Hex       0%         N/A       100%        3
 Gell's Gravitas          Tloc           0%         N/A       100%        3
 Ignite Poison            Fire/Tmut/Pois 0%         N/A       100%        3
 Mephitic Cloud           Conj/Pois/Air  0%         N/A       100%        3
 Ozocubu's Armour         Ice            0%         N/A       100%        3
 Portal Projectile        Hex/Tloc       0%         N/A       100%        3
 Spider Form              Tmut/Pois      0%         N/A       100%        3
 Stone Arrow              Conj/Erth      0%         3d7       100%        3
 Swiftness                Air            0%         N/A       100%        3
 Iskenderun's Mystic Bla  Conj/Tloc      0%         2d3       100%        4
 Passage of Golubria      Tloc           N/A        N/A       100%        4
 Petrify                  Tmut/Erth      0%         N/A       100%        4
 Agony                    Necr           0%         N/A       100%        5
 Alistair's Intoxication  Tmut/Pois      0%         N/A       100%        5
 Blade Hands              Tmut           0%         N/A       100%        5
 Bolt of Magma            Conj/Fire/Erth 0%         4d4       100%        5
 Borgnjor's Vile Clutch   Necr/Erth      0%         N/A       100%        5
 Excruciating Wounds      Necr           0%         N/A       100%        5
 Freezing Cloud           Conj/Ice/Air   0%         6-21      100%        5
 Irradiate                Conj/Tmut      0%         3d14      100%        5
 Silence                  Hex/Air        0%         N/A       100%        5
 Yara's Violent Unravell  Hex/Tmut       0%         3d3       100%        5
 Dispersal                Tloc           0%         N/A       100%        6
 Eringya's Noxious Bog    Tmut/Pois      0%         N/A       100%        6
 Invisibility             Hex            0%         N/A       100%        6
 Ozocubu's Refrigeration  Ice            0%         4d5       100%        7
 Lehudib's Crystal Spear  Conj/Erth      0%         10d2      100%        8
 Shatter                  Erth           0%         3d5*      100%        9
 Tukima's Dance           Hex            Unusable   N/A       N/A         3
 Animate Armour           Summ/Erth      Unusable   N/A       N/A         4

Dungeon Overview and Level Annotations

Branches:
Dungeon (15/15)            Temple (1/1) D:7            Lair (6/6) D:10
 Shoals (4/4) Lair:4       Spider (4/4) Lair:3        Slime (5/5) Lair:5
    Orc (2/2) D:12            Elf (1/3) Orc:2        Vaults (0/5) D:14
 Depths (0/5) D:15         Bailey (visited)         Gauntlet (visited)

Altars:
Ashenzari
Cheibriados
Fedhas
Gozag
Hepliaklqana
Kikubaaqudgha
Okawaru
Qazlal
Ru
Sif Muna
Trog
Uskayaw
Vehumet
Wu Jian
Xom
Yredelemnul
Zin
The Shining One

Shops:
D:1 [   D:4 *   Orc:2 [*:[   Shoals:2 (:

Portals:
Trove: D:14 (show slimy rune of Zot)

Annotations:
D:11 3 runed translucent doors
Slime:5 Royal Jelly


Message History

The quicksilver ooze hits you.
The quicksilver ooze hits you but does no damage.
The rockslime hits you!
* * * LOW HITPOINT WARNING * * *
You stumble backwards!
That's the wrong kind of item! (Use * to select it.) Evoke which item? (* to show all) (? for menu, Esc to quit)
Aiming: Mindburst
Press: ? - help, Shift-Dir - straight line, f - you Nothing appears to happen.
You block the quicksilver ooze's attack. x2
The rockslime barely misses you. You block the Royal Jelly's attack.
The Royal Jelly hits you!
* * * LOW HITPOINT WARNING * * *
You are splashed with acid.
You resist.
* * * LOW HITPOINT WARNING * * *
Clouds of flame condense around you!
The condenser dries out!
You block the rockslime's attack.
The Royal Jelly is engulfed in blazing flames.
The Royal Jelly hits you but does no damage.
The Royal Jelly shudders.
The Royal Jelly spits out another jelly.
The Royal Jelly hits you.
* * * LOW HITPOINT WARNING * * *
You are splashed with acid.
You resist.
* * * LOW HITPOINT WARNING * * *
The quicksilver ooze is engulfed in blazing flames.
The acid blob is engulfed in blazing flames. x2
The acid blob barely misses you.
The acid blob is engulfed in blazing flames.
The azure jelly is engulfed in blazing flames.
You kill the azure jelly!
That felt strangely unrewarding.
The acid blob is engulfed in blazing flames.
You block the rockslime's attack.
The Royal Jelly is engulfed in blazing flames.
The Royal Jelly hits you!!
* * * LOW HITPOINT WARNING * * *
You are splashed with acid.
You resist.
You die...

#.............,
##..............
##...............
#................
#................
####§§§§............
***#§§J§JJ§............
#..#§J§JJJ§......JJ.J.J
*#...§J@J§§§............
*#......§J§§.............
*........................
****#.......................
**,,*#................#.#...#
*,*,,................#####.##
**,*,................#*,**.J#
*,,,,..............###,,,**.#
***,,,,,,,,........##*,,,**,.#


You could see the Royal Jelly, 4 acid blobs, 2 azure jellies, 2 rockslimes and a
quicksilver ooze.

Vanquished Creatures
  Bai Suzhen (Spider:4)
  Rupert (Lair:3)
  Mlioglotl (Shoals:1)
  7 acid blobs
  Polyphemus (Shoals:2)
  A kraken (Shoals:4)
  Donald (Orc:2)
  Kirke (D:13)
  2 rockslimes
  3 azure jellies
  A frost giant (Shoals:1)
  Ilsuiw (Shoals:2)
  Aizul (Shoals:2)
  5 ghost moths
  2 orc warlords
  5 emperor scorpions
  4 quicksilver oozes
  The ghost of contendunt the Nimble, a journeyman MiFi of Okawaru (Orc:1)
  4 entropy weavers
  A minotaur (Gauntlet)
  2 spark wasps
  A fire dragon (D:15)
  An ettin (D:15)
  6 merfolk javelineers
  7 merfolk impalers (Shoals:4)
  5 vault guards (D:14)
  A great orb of eyes (Slime:3)
  2 merfolk avatars (Shoals:4)
  A hell beast (Gauntlet)
  The ghost of lunkers the Grappler, a novice TrCA of Ignis (D:8)
  4 boulder beetles
  Erica (D:9)
  3 two-headed ogres
  12 hydras
  4 centaur warriors
  3 merfolk aquamancers (Shoals:4)
  2 alligator snapping turtles
  2 catoblepae
  A satyr (Shoals:4)
  4 death yaks (Shoals:2)
  4 tengu warriors
  The ghost of Reont the Fencer, a journeyman TeGl (D:14)
  11 sea snakes
  A deep troll (D:15)
  A deep elf zephyrmancer (D:15)
  A wizard (D:14)
  22 harpies
  A lindwurm (Lair:6)
  4 orc knights
  2 deep elf pyromancers
  3 necromancers
  3 orc sorcerers
  9 ugly things
  20 orb spiders
  12 manticores
  A shining eye (Slime:5)
  A faun (Shoals:2)
  13 cyclopes
  22 wolf spiders
  10 merfolk sirens
  11 elephants
  A guardian serpent (shapeshifter) (D:14)
  7 black mambas
  4 water nymphs
  2 torpor snails (Lair:3)
  26 cane toads
  11 komodo dragons
  2 yaktaurs (D:14)
  2 rime drakes
  A freezing wraith (D:15)
  7 demonic crawlers
  4 meliai
  4 trolls
  29 jumping spiders
  5 tyrant leeches (Lair:6)
  3 polar bears
  11 wind drakes
  14 merfolk
  7 hornets
  24 blink frogs
  9 snapping turtles
  Prince Ribbit (D:9)
  44 slime creatures
  4 dream sheep (Lair:5)
  2 shadows
  66 redbacks
  3 water elementals
  A tarantella (shapeshifter) (D:14)
  2 wraiths (D:12)
  2 wyverns
  A vampire (D:12)
  29 tarantellas
  10 basilisks
  49 yaks
  Sigmund (D:3)
  A hog (shapeshifter) (D:14)
  2 steam dragons
  A human (D:14)
  6 golden eyes
  3 hogs (D:13)
  A human (shapeshifter) (D:11)
  7 vampire mosquitoes
  3 wargs
  3 acid dragons
  2 swamp worms (Gauntlet)
  14 water moccasins
  2 hell hounds (Gauntlet)
  A sky beast (shapeshifter) (D:11)
  37 orc warriors
  6 black bears
  An ice beast (D:5)
  17 centaurs
  3 necrophages
  8 ogres
  22 wolves
  3 kobold brigands
  20 bullfrogs
  A scorpion (D:7)
  A water moccasin skeleton (D:6)
  14 killer bees
  6 howler monkeys
  5 electric eels
  2 centaur zombies
  11 orc priests
  Crazy Yiuf (D:2)
  5 jellies
  2 centaur skeletons
  4 hounds
  A bullfrog skeleton (D:7)
  4 iguanas
  12 orc wizards
  A statue (D:3)
  A killer bee zombie (D:8)
  A centaur simulacrum (D:8)
  A spectral howler monkey (D:8)
  A howler monkey zombie (D:8)
  Robin (D:2)
  7 gnolls
  9 adders
  A shadow imp (D:8)
  An ufetubus (D:4)
  An adder zombie (D:5)
  45 orcs
  7 ball pythons
  11 endoplasms
  4 giant cockroaches
  18 goblins
  11 hobgoblins
  2 jackals (D:4)
  7 quokkas
  5 bats
  2 frilled lizards
  36 kobolds
  4 rats
  A starspawn tentacle (Shoals:1)
  2 tentacles (Shoals:4)
1060 creatures vanquished.

Vanquished Creatures (others)
  A merfolk aquamancer (Shoals:4)
  An orb spider (Spider:2)
  A merfolk siren (Shoals:3)
  A redback (Spider:2)
  74 fungi
  204 plants
  4 starspawn tentacles (Shoals:1)
  14 tentacles
  A withered plant (Gauntlet)
301 creatures vanquished.

Grand Total: 1361 creatures vanquished

Notes
Turn   | Place    | Note
-------+----------+-------------------------------------------
     0 | D:1      | speeev33 the Hill Orc Fighter began the quest for the Orb.
     0 | D:1      | Reached XP level 1. HP: 19/19 MP: 1/1
   247 | D:1      | Reached XP level 2. HP: 27/27 MP: 2/2
   256 | D:1      | Reached skill level 4 in Fighting
   399 | D:1      | Found Romouth's Antique Armour Shop.
   882 | D:1      | Reached XP level 3. HP: 33/33 MP: 3/3
  1198 | D:2      | Noticed Robin
  1211 | D:2      | Killed Robin
  1457 | D:2      | Reached XP level 4. HP: 40/41 MP: 4/4
  1782 | D:2      | Found a runed translucent door.
  1783 | D:2      | Noticed Crazy Yiuf
  2115 | D:2      | Killed Crazy Yiuf
  2116 | D:2      | Reached XP level 5. HP: 22/47 MP: 5/5
  2328 | D:3      | Noticed Sigmund
  2406 | D:3      | Found a radiant altar of Vehumet.
  2406 | D:3      | Noticed a charred statue
  2407 | D:3      | Noticed a necrophage
  2424 | D:3      | Killed a necrophage
  2425 | D:3      | Reached skill level 5 in Fighting
  2436 | D:3      | Reached skill level 5 in Axes
  2601 | D:3      | Killed Sigmund
  2602 | D:3      | Reached skill level 5 in Shields
  2602 | D:3      | Reached XP level 6. HP: 9/57 MP: 6/6
  2866 | D:3      | Found an ornate altar of the Wu Jian Council.
  3686 | D:3      | Reached skill level 6 in Fighting
  3944 | D:4      | Reached XP level 7. HP: 57/63 MP: 7/7
  4051 | D:4      | Found Razxiut's Assorted Antiques.
  4575 | D:4      | Reached skill level 7 in Fighting
  4826 | D:4      | Reached XP level 8. HP: 72/72 MP: 8/8
  5171 | D:5      | Entered Level 5 of the Dungeon
  5607 | D:5      | You fall into a shaft and drop 1 floor!
  5636 | D:6      | Reached skill level 8 in Fighting
  5916 | D:6      | Reached XP level 9. HP: 82/82 MP: 9/9
  6037 | D:6      | Identified a scroll of acquirement
  6037 | D:6      | Acquired 488 gold pieces
  6109 | D:6      | Found an opulent altar of Gozag.
  6109 | D:6      | Found a sacrificial altar of Ru.
  6409 | D:7      | Reached skill level 9 in Fighting
  6516 | D:7      | Found a staircase to the Ecumenical Temple.
  6527 | Temple   | Entered the Ecumenical Temple
  6573 | Temple   | Became a worshipper of Warmaster Okawaru
  6786 | D:7      | Reached skill level 10 in Axes
  6822 | D:7      | Found a shimmering altar of Xom.
  6864 | D:7      | Identified the +7 war axe of Ragnarok {freeze, Int+2 Dex+4}
  6871 | D:7      | Found a glowing golden altar of the Shining One.
  6961 | D:7      | Noticed a two-headed ogre
  6969 | D:7      | Killed a two-headed ogre
  6969 | D:7      | Reached * piety under Okawaru
  6970 | D:7      | Reached skill level 10 in Fighting
  6970 | D:7      | Reached XP level 10. HP: 93/93 MP: 10/10
  7365 | D:8      | Reached ** piety under Okawaru
  7520 | D:8      | Found a blossoming altar of Fedhas.
  7748 | D:8      | Found a runed translucent gate.
  7748 | D:8      | Found a runed translucent gate.
  7749 | D:8      | Found a runed translucent gate.
  7806 | D:8      | Noticed lunkers's ghost (novice TrCA)
  8218 | D:9      | Reached skill level 10 in Shields
  8294 | D:9      | Reached *** piety under Okawaru
  8300 | D:9      | Reached skill level 11 in Fighting
  8307 | D:9      | Received a gift from Okawaru
  8467 | D:9      | Found an ancient bone altar of Kikubaaqudgha.
  8665 | D:9      | Noticed Prince Ribbit
  8683 | D:9      | Killed Prince Ribbit
  8853 | D:9      | Noticed Erica
  8856 | D:9      | Reached **** piety under Okawaru
  8865 | D:9      | Killed Erica
  8866 | D:9      | Reached XP level 11. HP: 90/104 MP: 8/11
  9195 | D:10     | Entered Level 10 of the Dungeon
  9196 | D:10     | Found a basalt altar of Yredelemnul.
  9285 | D:10     | Found a broken altar of Ashenzari.
  9322 | D:10     | Reached ***** piety under Okawaru
  9373 | D:10     | Reached skill level 12 in Fighting
  9693 | D:10     | Found a staircase to the Lair.
  9900 | Lair:1   | Entered Level 1 of the Lair of Beasts
  9944 | D:11     | Noticed a white ugly thing
  9955 | D:11     | Killed a white ugly thing
  9956 | D:11     | Noticed a cyclops
  9958 | D:11     | Identified the +0 helmet of Action {rF- rN+ Will+ Dex+4}
                  | (Okawaru gifted it to you on level 11 of the Dungeon)
  9958 | D:11     | Received a gift from Okawaru
  9975 | D:11     | Killed a cyclops
 10044 | D:11     | Found a flagged portal.
 10061 | Bailey   | Entered a bailey
 10102 | Bailey   | Noticed an orc warlord
 10174 | Bailey   | Found a runed translucent gate.
 10177 | Bailey   | Found a runed translucent gate.
 10178 | Bailey   | Found a runed translucent gate.
 10185 | Bailey   | Noticed an orc knight
 10205 | Bailey   | Killed an orc knight
 10498 | Bailey   | Killed an orc warlord
 10788 | D:11     | Acquired a +2 broad axe of electrocution
 10789 | D:11     | Acquired a manual of Armour
 10935 | D:11     | Noticed a manticore
 10943 | D:11     | Killed a manticore
 10965 | D:11     | Noticed a five-headed hydra
 10965 | D:11     | Noticed a manticore
 10967 | D:11     | Found a runed translucent door.
 10967 | D:11     | Noticed a boulder beetle
 10969 | D:11     | Identified the ring "Uvahy" {rPois Str+3 Stlth+}
 10970 | D:11     | Noticed a cyclops
 10983 | D:11     | Reached XP level 12. HP: 78/113 MP: 11/14
 11008 | D:11     | Killed a boulder beetle
 11009 | D:11     | Reached skill level 5 in Armour
 11202 | D:11     | Found a runed translucent door.
 11210 | D:11     | Found a runed translucent door.
 11210 | D:11     | Noticed an ettin
 11210 | D:11     | Noticed a boulder beetle
 11210 | D:11     | Noticed a two-headed ogre
 11211 | D:11     | Found a runed translucent door.
 11212 | D:11     | Identified the +8 morningstar of the Skies Above {flame,
                  | Dex+4}
 11215 | D:11     | Identified the ring of the Coward {+Blink Will+ Dex+3}
 11630 | D:11     | Noticed a minotaur
 11661 | D:11     | Noticed an azure jelly
 11802 | Lair:1   | Reached skill level 5 in Invocations
 11938 | Lair:1   | Reached ****** piety under Okawaru
 11952 | Lair:1   | Received a gift from Okawaru
 12686 | Lair:2   | Noticed a five-headed hydra
 12698 | Lair:2   | Killed a one-headed hydra
 12851 | Lair:2   | Noticed an eight-headed hydra
 12859 | Lair:2   | Killed a four-headed hydra
 13859 | Lair:3   | Identified the +0 pair of boots "Forget-Me-Not" {Str+4}
                  | (Okawaru gifted it to you on level 3 of the Lair of Beasts)
 13859 | Lair:3   | Received a gift from Okawaru
 13901 | Lair:3   | Noticed a six-headed hydra
 13914 | Lair:3   | Killed a one-headed hydra
 13918 | Lair:3   | Reached XP level 13. HP: 100/119 MP: 16/18
 13922 | Lair:3   | Reached skill level 15 in Axes
 14046 | Arena    | Entered the Arena
 14133 | Lair:3   | Identified the +7 fire dragon scales of Tenacity {rF++ rC-
                  | Int+3}
 14245 | Lair:3   | Reached skill level 10 in Armour
 14667 | Lair:3   | Noticed Rupert
 14679 | Lair:3   | Killed Rupert
 15093 | Lair:3   | Received a gift from Okawaru
 15236 | Lair:3   | Found a hole to the Spider Nest.
 15552 | Lair:4   | Reached skill level 1 in Evocations
 15588 | Lair:4   | Found a staircase to the Shoals.
 16048 | Lair:4   | Reached skill level 13 in Fighting
 16594 | Lair:5   | Found a staircase to the Slime Pits.
 16620 | Lair:5   | Identified the +9 demon blade of the Sun {freeze, rF+}
                  | (Okawaru gifted it to you on level 5 of the Lair of Beasts)
 16620 | Lair:5   | Received a gift from Okawaru
 16627 | Lair:5   | Found a gate leading to a gauntlet.
 16636 | Gauntlet | Entered a Gauntlet
 16636 | Gauntlet | Found a transporter.
 16644 | Gauntlet | Found a transporter.
 16647 | Gauntlet | Found a transporter.
 16663 | Gauntlet | Found a transporter.
 16664 | Gauntlet | Found a transporter.
 16674 | Gauntlet | Found a transporter.
 16691 | Gauntlet | Found a transporter.
 16701 | Gauntlet | Found a transporter.
 16711 | Gauntlet | Found a transporter.
 16717 | Gauntlet | Found a transporter.
 16723 | Gauntlet | Found a transporter.
 16724 | Gauntlet | Found a transporter.
 16725 | Gauntlet | Found a runed translucent gate.
 16725 | Gauntlet | Found a runed translucent gate.
 16725 | Gauntlet | Found a runed translucent gate.
 16768 | Gauntlet | Found a transporter.
 16843 | Arena    | Entered the Arena
 16902 | Gauntlet | Identified the amulet "Lemonyec" {Faith rC+ Regen+ Str-3}
 17002 | Gauntlet | Reached XP level 14. HP: 121/129 MP: 20/20
 17019 | Gauntlet | Identified the amulet "Caig" {rF+ Regen+ Dex+2 Slay-6}
 17035 | Gauntlet | Found a transporter.
 17133 | Gauntlet | Identified the +1 robe of the Lion {rF+ rN+ Str+2 Dex-5}
 17139 | Gauntlet | Identified the +1 helmet of Apathy {rElec Str-4 Slay+2}
 17140 | Gauntlet | Got the Incunabulum of the Ashen Traveller
 17229 | Lair:5   | Received a gift from Okawaru
 17513 | Lair:6   | Entered Level 6 of the Lair of Beasts
 17743 | Lair:6   | Received a gift from Okawaru
 17823 | Lair:6   | Reached skill level 5 in Evocations
 18102 | Lair:6   | Reached skill level 14 in Fighting
 18111 | Lair:6   | Received a gift from Okawaru
 18161 | Lair:6   | Received a gift from Okawaru
 18191 | Lair:6   | Upgraded the game from 0.28-a0-305-g9e858e973b to
                  | 0.28-a0-381-g937acc2988
 18274 | Lair:6   | Identified the +4 scale mail "Zetacvaj" {rElec rC- Will++
                  | Int+9}
 18363 | Lair:6   | Reached skill level 15 in Shields
 18971 | D:1      | Bought a pair of runed gloves for 240 gold pieces
 19876 | D:11     | Noticed a shadow dragon
 19963 | D:12     | Reached XP level 15. HP: 125/139 MP: 21/21
 20211 | D:12     | Found a staircase to the Orcish Mines.
 20625 | Orc:1    | Entered Level 1 of the Orcish Mines
 20659 | Orc:1    | Received a gift from Okawaru
 20660 | Orc:1    | You fall into a shaft and drop 1 floor!
 20660 | Orc:2    | Entered Level 2 of the Orcish Mines
 20737 | Orc:2    | Reached skill level 15 in Armour
 20767 | Orc:2    | Noticed Donald
 20831 | Orc:2    | Killed Donald
 20831 | Orc:2    | Received a gift from Okawaru
 20928 | Orc:2    | Reached skill level 15 in Fighting
 20928 | Orc:2    | Noticed an orc warlord
 20955 | Orc:2    | Killed an orc warlord
 21007 | Orc:2    | Found a staircase to the Elven Halls.
 21339 | Orc:1    | Found a runed translucent door.
 21340 | Orc:1    | Noticed contendunt's ghost (journeyman MiFi)
 21620 | Orc:1    | Killed contendunt's ghost
 21747 | Orc:2    | Found Yteasob's Book Shoppe.
 21747 | Orc:2    | Found Munith's Assorted Antiques.
 21749 | Orc:2    | Found Haorec's Antique Armour Boutique.
 21751 | Orc:2    | Found Leshox's Armour Emporium.
 21764 | Orc:2    | Bought a +1 tower shield of reflection for 243 gold pieces
 21782 | Orc:2    | Bought a faintly humming plate armour for 980 gold pieces
 21782 | Orc:2    | Identified the +0 plate armour of Xoavupott {rPois Str+3
                  | Dex-4} (You bought it in a shop on level 2 of the Orcish
                  | Mines)
 21785 | Orc:2    | Bought a transparent golden ring for 140 gold pieces
 21785 | Orc:2    | Identified the ring of Sloth {rF+ rCorr SInv} (You bought
                  | it in a shop on level 2 of the Orcish Mines)
 22395 | Shoals:1 | Entered Level 1 of the Shoals
 22424 | Shoals:1 | Noticed Mlioglotl
 22425 | Shoals:1 | Noticed a frost giant
 22430 | Shoals:1 | Noticed a tentacled starspawn
 22546 | Spider:1 | Entered Level 1 of the Spider Nest
 22888 | Spider:1 | Received a gift from Okawaru
 23033 | Spider:1 | Reached skill level 16 in Fighting
 23241 | Spider:1 | Identified the +7 chain mail of the Demon Prince {rPois
                  | Str-4 Int-2 Stlth+}
 23557 | Spider:2 | Reached XP level 16. HP: 151/151 MP: 14/22
 23586 | Spider:2 | Received a gift from Okawaru
 24411 | Spider:3 | Reached skill level 17 in Fighting
 24790 | Spider:3 | Identified the +1 cloak of Experimentation {rF+ Will- Str+2
                  | Dex+9} (Okawaru gifted it to you on level 3 of the Spider
                  | Nest)
 24790 | Spider:3 | Received a gift from Okawaru
 25610 | Spider:4 | Entered Level 4 of the Spider Nest
 25610 | Spider:4 | Noticed Bai Suzhen
 25625 | Spider:4 | Killed Bai Suzhen
 25898 | Spider:4 | Received a gift from Okawaru
 25956 | Spider:4 | Reached skill level 18 in Fighting
 26181 | Spider:4 | Reached XP level 17. HP: 148/165 MP: 0/23
 26597 | Spider:4 | Got a gossamer rune of Zot
 26974 | Shoals:1 | Noticed a tentacled starspawn
 26974 | Shoals:1 | Noticed a tentacled monstrosity
 27009 | Shoals:1 | Killed Mlioglotl
 27173 | Shoals:1 | Received a gift from Okawaru
 27272 | Shoals:1 | Reached skill level 19 in Fighting
 27584 | Shoals:2 | Noticed Aizul
 27584 | Shoals:2 | Found Faqaet's Antique Weapon Boutique.
 27584 | Shoals:2 | Found Weocuir's Book Shop.
 27603 | Shoals:2 | Killed Aizul
 27790 | Shoals:2 | Noticed Polyphemus
 27934 | Shoals:2 | Killed Polyphemus
 28277 | Shoals:2 | Noticed Ilsuiw
 28317 | Shoals:2 | Killed Ilsuiw
 28358 | Shoals:2 | Noticed a kraken
 28880 | Shoals:3 | Received a gift from Okawaru
 29159 | Shoals:3 | Identified the ring "Veluqoladu" {rC+ Will+ rCorr}
 29378 | Shoals:3 | Received a gift from Okawaru
 29572 | Shoals:4 | Entered Level 4 of the Shoals
 29591 | Shoals:4 | Reached XP level 18. HP: 172/178 MP: 24/24
 29650 | Shoals:4 | Reached skill level 20 in Fighting
 30190 | Shoals:4 | Received a gift from Okawaru
 30627 | Shoals:4 | Received a gift from Okawaru
 30724 | Shoals:4 | Got a barnacled rune of Zot
 31446 | Elf:1    | Entered Level 1 of the Elven Halls
 31521 | D:13     | Identified the +10 hunting sling "Beetleslayer" {venom,
                  | Str+4}
 31645 | D:13     | Noticed Kirke
 31659 | D:13     | Identified the +7 quarterstaff of Quantum Leap {pain,
                  | Contam +Blink rF- Int+8} (Okawaru gifted it to you on level
                  | 13 of the Dungeon)
 31659 | D:13     | Received a gift from Okawaru
 31661 | D:13     | Killed Kirke
 32039 | D:14     | Reached skill level 21 in Fighting
 32182 | D:14     | Found a runed translucent door.
 32191 | D:14     | Noticed Reont's ghost (journeyman TeGl)
 32209 | D:14     | Found a hazy altar of Hepliaklqana.
 32332 | D:14     | Found a portal to a secret trove of treasure.
 32495 | D:14     | Found a gate to the Vaults.
 32509 | D:14     | Received a gift from Okawaru
 32922 | D:14     | Killed Reont's ghost
 32945 | D:15     | Entered Level 15 of the Dungeon
 33313 | D:15     | Found a staircase to the Depths.
 33324 | D:15     | Reached XP level 19. HP: 149/189 MP: 25/25
 34241 | D:8      | Killed lunkers's ghost
 34412 | Orc:2    | Bought a scroll of acquirement for 1456 gold pieces
 34412 | Orc:2    | Acquired 929 gold pieces
 34571 | D:11     | Identified the +6 hand axe "Ruam" {flame, Int+8 Dex+2}
                  | (Okawaru gifted it to you on level 11 of the Dungeon)
 34571 | D:11     | Received a gift from Okawaru
 34591 | D:11     | Noticed a golden dragon
 34756 | Slime:1  | Entered Level 1 of the Pits of Slime
 35138 | Slime:3  | Received a gift from Okawaru
 35174 | Slime:5  | Entered Level 5 of the Pits of Slime
 35301 | Slime:5  | Noticed the Royal Jelly
 35448 | Slime:5  | HP: 3/191 [the Royal Jelly (20)]
 35448 | Slime:5  | Splashed by the Royal Jelly's acid

Illustrated notes

Levels and vault maps discovered:
D:1:      dpeg_arrival_erosion, layout_loops_ring, serial_shops,
          nicolae_lakefront_shop
D:2:      layout_basic, uniq_crazy_yiuf_cottage, uniq_robin
D:3:      layout_loops_corners, vehumet_statue, mainiacjoe_overflow_24_doors,
          minmay_puff, uniq_sigmund
D:4:      layout_basic, serial_shops, nicolae_shop_behind_doors
D:5:      layout_basic
D:6:      layout_gridville, jmf_multi_god_temple
D:7:      layout_basic, kennysheep_little_box, overflow_temple_1_default,
          minmay_temple_entry_tees, minivault_26, hangedman_decor_growths
D:8:      layout_loops_ring, fedhas_altar_1, gammafunk_ghost_necromancy,
          minmay_misc_feat_more_columns
D:9:      layout_loops_ring, amcnicky_altar_gilded, uniq_prince_ribbit1,
          uniq_erica
D:10:     layout_cave_pools, nicolae_overflow_crystal_walls, ashenzari_altar_1,
          nicolae_overflow_hidden_temple, due_lair_maze_entry_diamond
D:11:     minmay_the_grid_triangle_9x9_recursive_2_mashed
          [minmay_the_grid_triangle_9x9_prize_insulated,
          minmay_the_grid_triangle_9x9_fully_insulated_deathbox,
          minmay_the_grid_triangle_9x9_subtriangle,
          minmay_the_grid_triangle_9x9_zippers_vertical], layout_loops_ring,
          enter_bailey_5
D:12:     layout_gridville, david_orc_3, minivault_12
D:13:     layout_cave_pools, uniq_kirke
D:14:     layout_long_grid, grunt_vaults_entry_fortified,
          ebering_ghost_reflecting_pool, nzn_hepliaklqana_mist_gate,
          enter_trove_1
D:15:     hangedman_depths_entry_civil_slaughter, layout_loops_ring
Temple:   jpeg_temple_alley_garden
Lair:1:   layout_chaotic_city, infiniplex_staircase_pool_2,
          serial_bayou_shore_a, grunt_megastairs_3
Lair:2:   layout_roguey, serial_bayou_shore_b
Lair:3:   nzn_winding_woodlands_stair_trap [nzn_winding_woodlands_5x15_parted,
          nzn_winding_woodlands_5x15_jagged,
          nzn_winding_woodlands_5x15_lazy_stream,
          nzn_winding_woodlands_15x15_five_gardens,
          nzn_winding_woodlands_5x15_twine, nzn_winding_woodlands_5x15_pool,
          nzn_winding_woodlands_5x15_longhouse], layout_cave_shapes,
          dummy_spider_entry, uniq_rupert
Lair:4:   layout_roguey, minmay_shoals_entry_beasts, beast_lair_carwin_6
Lair:5:   layout_cave_shapes, slime_dummy, gauntlet_entry_generic
Lair:6:   minmay_lair_end_frog_pond, layout_gridlike, lemuel_fruit_tree,
          serial_bayou_shore_b, serial_bayou_shore_b
Shoals:1: layout_shoals, st_cyclops, uniq_mlioglotl
Shoals:2: layout_shoals, serial_shops, shop, nicolae_stop_n_shop_2, uniq_ilsuiw,
          uniq_aizul, uniq_polyphemus
Shoals:3: layout_shoals, nicolae_shoals_lost_giant_amphitheater
Shoals:4: shoals_end_simple, layout_shoals, shoals_ilsuiw_alternative
Spider:1: layout_spider_delve
Spider:2: layout_spider_delve
Spider:3: layout_spider_delve
Spider:4: spider_rune_water, uniq_bai_suzhen
Slime:1:  layout_caves, nicolae_slime_phagocytosis
Slime:2:  layout_caves
Slime:3:  layout_caves
Slime:4:  layout_caves, cheibrodos_slime_lost_civilization_7
Slime:5
Orc:1:    layout_caves, ebering_ghost_inner_flame
Orc:2:    st_orc_rangers, layout_caves, uniq_donald
Elf:1:    elf_arrival_001, layout_loops_cross, minmay_elf_demonology,
          due_unseen_surprise

Skill      XL: |  1  2  3  4  5  6  7  8  9 10 11 12 13 14 15 16 17 18 19 |
---------------+----------------------------------------------------------+-----
Axes           | 3 4 5 7 8 10 12 13 14 16 17 18 | 18.3
Fighting       | 4 5 6 7 8 10 11 12 13 14 16 18 19 21 | 21.8
Shields        | 4 5 6 7 9 10 12 13 14 15 17 19 20 | 20.8
Invocations    | 3 7 8 |  8.0
Armour         | 4 9 12 14 15 | 15.0
Evocations     | 3 6 8 |  8.0

Action                   |  1- 3 |  4- 6 |  7- 9 | 10-12 | 13-15 | 16-18 | 19-21 || total
-------------------------+-------+-------+-------+-------+-------+-------+-------++-------
Melee: War axe           |    94 |   124 |   233 |   483 |   980 |  1390 |   196 ||  3500
Throw: Dart              |       |       |       |    19 |       |       |       ||    19
Invok: Heroism           |       |       |       |     7 |    16 |    17 |     6 ||    46
       Duel              |       |       |       |       |     2 |       |       ||     2
       Finesse           |       |       |       |       |     5 |     9 |     1 ||    15
Evoke: Wand              |       |       |     5 |       |       |     3 |     2 ||    10
       Condenser vane    |       |       |       |       |       |       |     1 ||     1
  Use: Scroll            |     2 |     5 |     8 |    14 |     4 |     5 |     2 ||    40
       Potion            |     1 |       |       |     2 |       |     4 |       ||     7
 Stab: Petrified         |       |       |       |       |       |     1 |       ||     1
Armor: Scale mail        |    51 |    35 |       |       |       |       |       ||    86
       Chain mail        |       |    28 |   132 |    67 |       |       |       ||   227
       Plate armour      |       |       |       |    72 |    16 |       |       ||    88
       Fire dragon scale |       |       |       |       |   332 |       |       ||   332
       Skin              |       |       |       |       |     3 |       |       ||     3
       Gold dragon scale |       |       |       |       |   223 |   861 |    93 ||  1177
Dodge: Dodged            |    27 |    37 |    97 |   187 |   279 |   196 |    39 ||   862
Block: Kite shield       |    42 |    59 |   134 |   316 |   561 |       |       ||  1112
       Tower shield      |       |       |       |       |   314 |  1742 |   239 ||  2295
       Reflection        |       |       |       |       |     6 |    47 |     9 ||    62

Table legend: (Time is in decaauts)
 A = Elapsed time spent in this place.
 B = Non-inter-level travel time spent in this place.
 C = Inter-level travel time spent in this place.
 D = Time resting spent in this place.
 E = Time spent auto-exploring this place.
 F = Levels seen in this place.
 G = Mean time per level.
                   A        B        C        D        E       F      G
               +--------+--------+--------+--------+--------+-----+--------+
         Total |  35421 |  31655 |   3766 |   6328 |  12882 |  42 |  843.4 |
       Dungeon |  15512 |  13343 |   2169 |   2023 |   7119 |  15 | 1034.1 |
        Temple |     79 |     47 |     32 |      0 |     34 |   1 |   79.0 |
          Lair |   7694 |   6668 |   1026 |   1605 |   2316 |   6 | 1282.3 |
        Shoals |   4500 |   4335 |    165 |    923 |   1336 |   4 | 1125.0 |
   Spider Nest |   4011 |   3865 |    146 |    940 |   1211 |   4 | 1002.8 |
    Slime Pits |    655 |    655 |      0 |    312 |      0 |   5 |  131.0 |
  Orcish Mines |   1730 |   1506 |    224 |     16 |    801 |   2 |  865.0 |
   Elven Halls |      1 |      0 |      1 |      0 |      0 |   1 |    1.0 |
        Bailey |    718 |    718 |      0 |    341 |     64 |   1 |  718.0 |
      Gauntlet |    465 |    465 |      0 |    138 |      0 |   1 |  465.0 |
         Arena |     51 |     51 |      0 |     28 |      0 |   2 |   25.5 |
               +--------+--------+--------+--------+--------+-----+--------+

Top non-repeatable levels by time:
  Lair:3: 2412 daAuts
     D:3: 1821 daAuts
Shoals:4: 1473 daAuts
     D:2: 1368 daAuts
     D:4: 1353 daAuts
Spider:3: 1327 daAuts
  Lair:6: 1324 daAuts
Shoals:2: 1272 daAuts
    D:11: 1261 daAuts
     D:1: 1217 daAuts
     D:9: 1195 daAuts
Spider:4: 1161 daAuts
  Lair:2: 1142 daAuts
  Lair:4: 1112 daAuts
   Orc:2: 1095 daAuts
